 Dungeon Crawl Stone Soup version 0.22-a0-305-gd21a89c538 (webtiles) character file.

189 Manul the Twirler (level 5, -1/39 HPs)
             Began as a Demonspawn Gladiator on Mar 30, 2018.
             Killed by divine providence
             ... invoked by an orc priest
              (9 damage)
             ... on level 3 of the Dungeon.
             The game lasted 00:02:38 (2177 turns).

Manul the Twirler (Demonspawn Gladiator)            Turns: 2177, Time: 00:02:38

Health: -1/39      AC:  6    Str: 14    XL:     5   Next: 40%
Magic:  0/5        EV: 12    Int:  9    God:
Gold:   111        SH:  0    Dex: 16    Spells: 4/4 levels left

rFire    . . .     SeeInvis .   a - +0 quarterstaff
rCold    . . .     Gourm    .   (shield currently unavailable)
rNeg     . . .     Faith    .   r - +0 ring mail
rPois    .         Spirit   +   (helmet restricted)
rElec    .         Reflect  .   (no cloak)
rCorr    .         Harm     .   w - +0 pair of gloves
MR       .....                  (no boots)
Stlth    +.........             g - amulet of rage
HPRegen  0.13/turn              (no ring)
MPRegen  0.09/turn              (no ring)

@: no status effects
A: horns 2, magic shield
a: Evoke Berserk Rage


You were on level 3 of the Dungeon.
You were not hungry.

You visited 1 branch of the dungeon, and saw 3 of its levels.

You collected 111 gold pieces.

Inventory:

Hand Weapons
 a - a +0 quarterstaff (weapon)
 t - a +0 dagger of draining
 v - a cursed -2 dagger
Missiles
 d - 3 throwing nets (quivered)
 l - 4 javelins
Armour
 b - a +0 leather armour
 c - a +0 helmet
 r - a +0 ring mail (worn)
 w - a +0 pair of gloves (worn)
Jewellery
 g - an amulet of rage (around neck)
Wands
 o - a wand of flame (13)
Scrolls
 h - a scroll of teleportation
 k - a scroll of enchant armour {unknown}
 m - a scroll of noise {unknown}
 n - 3 scrolls of remove curse {unknown}
 u - a scroll of immolation {unknown}
Potions
 e - 2 potions of lignification {unknown}
 i - a potion of curing {unknown}
 j - 2 potions of heal wounds {unknown}
 p - a potion of haste {unknown}
 q - a potion of cancellation {unknown}
Comestibles
 f - 7 rations
 s - 4 chunks of flesh


   Skills:
 + Level 2.6 Fighting
 + Level 4.5 Staves
 + Level 1.8 Throwing
 + Level 1.6 Armour
 + Level 3.1 Dodging
 + Level 1.1 Stealth


You had 4 spell levels left.
You didn't know any spells.

Dungeon Overview and Level Annotations

Branches:
Dungeon (3/15)

Altars:


Innate Abilities, Weirdness & Mutations

You have a pair of horns on your head.
When hurt, damage is shared between your health and your magic reserves.


Message History

The orc priest closely misses you.
You thump the giant cockroach!
You kill the giant cockroach!
The orc priest hits you from afar with a trident.
You are too injured to fight recklessly!
You are too injured to fight recklessly!
You are too injured to fight recklessly!
You are too injured to fight recklessly!
You are too injured to fight recklessly!
You are too injured to fight recklessly!
The orc priest miscasts a cantrip.
You see here a club.
The orc priest invokes the aid of Beogh against you.
Beogh smites you!
* * * LOW HITPOINT WARNING * * *
There is a stone staircase leading up here.
The orc closely misses you.
The orc priest mumbles some strange prayers to Beogh against you.
Beogh smites you!
You die...

#..####..###......####
..## ##..#####......#
#.# ##.# #....... #.#
#.# ##....... #.#
#.####.......# #.#
###............# # #.#
###.......#####...
####( #.###...##..###
##..
......#####.##o@###...#
.. ......)))..o...##
.#.# #.
......#####.#### #. ..
. ..... #.# #. ##. .
.... #.# .. #. ### #.#
.. #.# ..# ###


You could see an orc priest and an orc.

Vanquished Creatures
  An orc priest (D:3)
  Natasha (thrice) (D:2)
  Robin (D:2)
  An adder (D:1)
  2 worms
  4 leopard geckos
  2 orcs (D:3)
  2 giant cockroaches
  12 goblins
  10 hobgoblins
  2 quokkas
  2 bats (D:2)
  2 frilled lizards
  4 kobolds
  4 rats
52 creatures vanquished.

Notes
Turn   | Place    | Note
-------+----------+-------------------------------------------
     0 | D:1      | Manul the Demonspawn Gladiator began the quest for the Orb.
     0 | D:1      | Reached XP level 1. HP: 16/16 MP: 1/1
   104 | D:1      | Reached skill level 3 in Staves
   363 | D:1      | Gained mutation: You have a pair of small horns on your head. [demonic ancestry]
   363 | D:1      | Reached XP level 2. HP: 22/22 MP: 2/2
   716 | D:2      | Found a faded altar of an unknown god.
   749 | D:2      | Noticed Natasha
   755 | D:2      | Killed Natasha
   755 | D:2      | Reached XP level 3. HP: 14/27 MP: 3/3
   967 | D:2      | Noticed Robin
   994 | D:1      | Reached skill level 1 in Stealth
  1261 | D:1      | Gained mutation: When hurt, damage is shared between your health and your magic reserves. [demonic ancestry]
  1261 | D:1      | Reached XP level 4. HP: 21/33 MP: 4/4
  1583 | D:2      | Killed Robin
  1583 | D:2      | Reached skill level 4 in Staves
  1844 | D:2      | Noticed Natasha
  1849 | D:2      | Killed Natasha
  1849 | D:2      | Reached skill level 1 in Armour
  1853 | D:2      | Noticed Natasha
  1860 | D:2      | Killed Natasha
  1860 | D:2      | Gained mutation: You have a pair of horns on your head. [demonic ancestry]
  1860 | D:2      | Reached XP level 5. HP: 29/39 MP: 3/5
  2177 | D:3      | Killed from afar by an orc priest

Vault maps used:
D:1:      dpeg_arrival_simpleton_c, skrybe_limestone_x
D:2:      chequers_ecumenical_altar_simple, first_ration, uniq_natasha,
          uniq_robin

Skill      XL: |  1  2  3  4 |
---------------+-------------+-----
Staves         | 3 4 |  4.5
Stealth        | 1 |  1.1
Armour         | 1 |  1.6
Dodging        | 3 |  3.1
Fighting       | |  2.6
Throwing       | |  1.8

Action                   |  1- 3 |  4- 6 || total
-------------------------+-------+-------++-------
Melee: Quarterstaff      |    67 |    70 ||   137
       Headbutt          |     8 |    13 ||    21
  Use: Scroll            |     2 |       ||     2
 Stab: Sleeping          |     2 |       ||     2
  Eat: Chunk             |     1 |     3 ||     4
Armor: Leather armour    |     5 |       ||     5
       Ring mail         |    21 |    20 ||    41
Dodge: Dodged            |    40 |    43 ||    83

Table legend:
 A = Spawn XP
 B = Non-spawn XP
 C = Spawn XP percentage of total XP
 D = Spawn monster count
 E = Non-spawn monster count
 F = Spawn count percentage of total count
 G = Total turns spent on level
                    A         B        C        D         E        F      G
               +---------+---------+-------+---------+---------+-------+---------
         Total |       0 |     270 |   0.0 |       0 |      52 |   0.0 |  2177
               +---------+---------+-------+---------+---------+-------+---------
           D:1 |       0 |      42 |   0.0 |       0 |      15 |   0.0 |  1165
           D:2 |       0 |     161 |   0.0 |       0 |      24 |   0.0 |   821
           D:3 |       0 |      67 |   0.0 |       0 |      13 |   0.0 |   191
               +---------+---------+-------+---------+---------+-------+---------
